 Dungeon Crawl Stone Soup version 0.29.1-15-g9cfb28693d (webtiles) character file.

Game seed: 17183674495472087855

652 Mickster the Conjurer (level 7, -7/40 HPs)
             Began as a Gargoyle Wanderer on Mar 13, 2023.
             Mangled by a wight
             ... wielding a +4 mace
              (9 damage)
             ... on level 6 of the Dungeon.
             The game lasted 01:09:44 (4626 turns).

Mickster the Conjurer (Gargoyle Wanderer)           Turns: 4626, Time: 01:09:44

Health: -7/40      AC: 13    Str: 13      XL:     7   Next: 54%
Magic:  10/12      EV: 11    Int: 14 (15) God:
Gold:   126        SH:  0    Dex: 11      Spells: 5/13 levels left

rFire   + + .      SeeInvis .   l - +1 rapier (flame)
rCold   . . .      Faith    .   (no shield)
rNeg    + . .      Spirit   .   c - +1 leather armour
rPois   ∞          Reflect  .   d - +1 helmet
rElec   +          Harm     .   (no cloak)
rCorr   .          Rampage  .   (no gloves)
Will    .....                   g - +1 pair of boots
Stlth   ++........              (no amulet)
HPRegen 0.13/turn               p - ring of protection from fire
MPRegen 0.13/turn               q - ring of protection from fire

@: very slightly contaminated
A: sickness immunity, AC +4, negative energy resistance 1, electricity
resistance, torment resistance 1, petrification resistance, deterioration 1
a: no special abilities


You were on level 6 of the Dungeon.
You visited 1 branch of the dungeon, and saw 6 of its levels.
You also visited: Ossuary.

You collected 126 gold pieces.

Inventory:

Hand Weapons
 a - a +0 club
 h - a +0 whip
 i - a +0 sling
 l - a +1 rapier of flaming (weapon)
 u - a +0 rapier of venom
Missiles
 b - a boomerang (quivered)
 e - 35 stones
Armour
 c - a +1 leather armour (worn)
 d - a +1 helmet (worn)
 g - a +1 pair of boots (worn)
 j - a +0 chain mail
 k - a +2 hat
 n - a +0 ring mail
Jewellery
 p - a ring of protection from fire (left hand)
 q - a ring of protection from fire (right hand)
Scrolls
 f - 2 scrolls of poison
 o - a scroll of butterflies
 s - 2 scrolls of identify
 t - a scroll of fear
Potions
 r - 3 potions of brilliance


   Skills:
 * Level 2.4 Fighting
 * Level 2.5 Short Blades
 - Level 0.4 Maces & Flails
 + Level 1.9 Armour
 + Level 2.3 Dodging
 * Level 2.1 Stealth
 + Level 3.6 Spellcasting
 * Level 4.8 Conjurations
 * Level 1.4 Transmutations
 * Level 1.4 Fire Magic
 * Level 1.6 Air Magic
 * Level 1.6 Poison Magic


You had 5 spell levels left.
You knew the following spells:

 Your Spells              Type           Power      Damage    Failure   Level
a - Shock                 Conj/Air       44%        1d5       7%          1
b - Beastly Appendage     Tmut           12%        N/A       14%         1
c - Sting                 Tmut/Pois      24%        1d4       14%         1
d - Apportation           Tloc           4%         N/A       26%         1
e - Scorch                Fire           12%        2d5       22%         2
f - Wereblood             Tmut           6%         N/A       22%         2

Your spell library contained the following spells:

 Spells                   Type           Power      Damage    Failure   Level
 Slow                     Hex            8%         N/A       26%         1
 Mephitic Cloud           Conj/Pois/Air  10%        N/A       26%         3
 Confusing Touch          Hex            2%         N/A       58%         3
 Ozocubu's Armour         Ice            2%         N/A       58%         3
 Vampiric Draining        Necr           2%         2d6       58%         3
 Irradiate                Conj/Tmut      5%         3d13      89%         5
 Blade Hands              Tmut           3%         N/A       98%         5
 Metabolic Englaciation   Hex/Ice        1%         N/A       100%        5
 Simulacrum               Ice/Necr       1%         N/A       100%        6
 Dragon Form              Tmut           3%         N/A       100%        7
 Summon Hydra             Summ           1%         N/A       100%        7
 Sublimation of Blood     Necr           Unusable   N/A       N/A         2

Dungeon Overview and Level Annotations

Branches:
Dungeon (6/15)            Ossuary (visited)
 Temple: D:4-7

Altars:
Wu Jian


Innate Abilities, Weirdness & Mutations

You are immune to sickness and miasma.
Your stone body is resilient. (AC +4)
You are immune to poison.
You resist negative energy. (rN+)
You are resistant to electric shocks. (rElec)
You are resistant to unholy torment.
You are immune to petrification.
Your body sometimes deteriorates upon taking damage.


Message History

The wight is severely damaged.
The wight closely misses you. The wight hits you with a +0 war axe.
You closely miss the wight.
The wight is severely damaged.
The wight hits you with a +4 mace.
* * * LOW HITPOINT WARNING * * *
The wight hits you with a +0 war axe.
* * * LOW HITPOINT WARNING * * *
You closely miss the wight.
The wight is severely damaged.
The wight hits you but does no damage. The wight hits you with a +0 war axe.
* * * LOW HITPOINT WARNING * * *
You hit the wight. You burn the wight.
The wight is almost destroyed.
The wight closely misses you. The wight hits you but does no damage.
You feel better. The wight hits you with a +4 mace.
The wight hits you with a +0 war axe!
* * * LOW HITPOINT WARNING * * *
You feel better.
A necrophage comes into view.
The wight barely misses you. x2
Casting: Scorch (safe; 22% risk of failure)
Confirm with . or Enter, or press ? or * to list all spells.
Aiming: Shock (safe; 7% risk of failure)
Press: ? - help, Shift-Dir - straight line, f - wight
Aim: a wight, wielding a +4 mace and wearing a +0 robe (moderately damaged, 68% to hit)
You miscast Shock.
You are very lightly contaminated with residual magic.
Nothing appears to happen.
The wight hits you but does no damage. The wight closely misses you.
You hit the wight but do no damage.
The wight is moderately damaged.
The wight hits you with a +4 mace.
* * * LOW HITPOINT WARNING * * *
The wight hits you with a +0 war axe!
* * * LOW HITPOINT WARNING * * *
You closely miss the wight.
The wight is moderately damaged.
The wight hits you with a +4 mace!
You die...

#############
#.. ........#
#.#########.#
#.....#####.#
##.#
#..##.†...z@#
....
###..########z#
..... ##.#..#
#z# .....
###.....#
#z#..z...
...†...##
##o#......
####.###
#..n...... #.#
#......... #.#
#....###.. #.#
######


You could see a necrophage, 4 wights and an orc.

Vanquished Creatures
  Eustachio (D:5)
  A phantom (D:5)
  A necrophage (D:4)
  A howler monkey (D:6)
  2 hounds
  An iguana (D:6)
  An orc wizard (D:4)
  2 mummies (Ossuary)
  9 adders
  2 shadow imps
  A white imp (D:6)
  2 dart slugs
  7 orcs
  3 endoplasms
  2 giant cockroaches
  3 goblins
  9 hobgoblins
  2 jackals (D:3)
  6 kobolds
  6 quokkas
  5 ball pythons (D:1)
  4 bats
  3 frilled lizards
  A goblin zombie (Ossuary)
  A kobold zombie (Ossuary)
  4 rats
80 creatures vanquished.

Vanquished Creatures (others)
  An orc wizard (D:4)
  2 plants (D:4)
3 creatures vanquished.

Grand Total: 83 creatures vanquished

Notes
Turn   | Place    | Note
-------+----------+-------------------------------------------
     0 | D:1      | Mickster the Gargoyle Wanderer began the quest for the Orb.
     0 | D:1      | Mickster set off with the following items: a +0 club, a
                  | potion of haste, a +0 leather armour, a +0 helmet; and the
                  | following spells available to memorise: Shock, Apportation,
                  | Beastly Appendage, Sting, Scorch, Mephitic Cloud.
     0 | D:1      | Reached XP level 1. HP: 10/10 MP: 4/4
     2 | D:1      | Learned a level 1 spell: Shock
     4 | D:1      | Learned a level 1 spell: Beastly Appendage
     6 | D:1      | Learned a level 1 spell: Sting
   323 | D:1      | Learned a level 1 spell: Apportation
   638 | D:1      | Reached XP level 2. HP: 15/15 MP: 4/6
  1150 | D:2      | Reached XP level 3. HP: 17/19 MP: 4/7
  1387 | D:2      | Reached skill level 4 in Conjurations
  1510 | D:3      | Reached XP level 4. HP: 22/24 MP: 9/9
  1723 | D:3      | Gained mutation: Your body sometimes deteriorates upon
                  | taking damage. [potion of mutation]
  1748 | D:3      | Learned a level 2 spell: Scorch
  1805 | D:3      | Found a faded altar of an unknown god.
  1910 | D:3      | Reached skill level 1 in Stealth
  2064 | D:3      | Found an ornate altar of the Wu Jian Council.
  2078 | D:3      | Reached skill level 1 in Fighting
  2307 | D:4      | Noticed a necrophage
  2336 | D:4      | Killed a necrophage
  2337 | D:4      | Reached skill level 1 in Poison Magic
  2337 | D:4      | Reached XP level 5. HP: 11/29 MP: 6/10
  2366 | D:4      | Reached skill level 1 in Air Magic
  2376 | D:4      | Reached skill level 1 in Short Blades
  2467 | D:4      | Reached skill level 1 in Transmutations
  2637 | D:4      | Reached XP level 6. HP: 28/34 MP: 9/11
  2988 | D:4      | Learned a level 2 spell: Wereblood
  3221 | D:5      | Entered Level 5 of the Dungeon
  3250 | D:5      | Found a sand-covered staircase.
  3266 | Ossuary  | Entered an ossuary
  3601 | D:5      | Noticed Eustachio
  3630 | D:5      | Killed Eustachio
  3631 | D:5      | Reached skill level 1 in Fire Magic
  3631 | D:5      | Reached XP level 7. HP: 20/39 MP: 12/12
  4625 | D:6      | HP: 2/40 [wight/+0 war axe (7)]
  4626 | D:6      | Mangled by a wight

Illustrated notes

Levels and vault maps discovered:
D:1:      nzn_arrival_settlement, layout_basic, minivault_19
D:2:      layout_basic, bh_walls_and_bars
D:3:      layout_loops_ring, nicolae_wu_jian_immortal_techniques,
          shapermc_ecumenical_altar_totnotflames, nicolae_elevator_lobby_plus
D:4:      layout_gridville, serial_forest, infiniplex_forest_clump_small,
          infiniplex_forest_end_2, infiniplex_forest_zigzag_1,
          infiniplex_forest_lined_3_way, infiniplex_forest_lined_3,
          infiniplex_forest_straight_1, minmay_misc_feat_iff,
          roderic_roman_lattice
D:5:      nicolae_cairo_tiling_large, layout_gridville, enter_ossuary_1,
          uniq_eustachio
D:6:      layout_loops_ring, minmay_temple_entry_nine_rooms

Skill      XL: |  1  2  3  4  5  6  7 |
---------------+----------------------+-----
Conjurations   | 4 |  4.8
Stealth        | 1 2 |  2.1
Fighting       | 1 2 |  2.4
Poison Magic   | 1 |  1.6
Air Magic      | 1 |  1.6
Short Blades   | 1 2 |  2.5
Dodging        | 2 |  2.3
Transmutations | 1 |  1.4
Fire Magic     | 1 |  1.4
Maces & Flails | |  0.4
Armour         | |  1.9
Spellcasting   | |  3.6

Action                   |  1- 3 |  4- 6 |  7- 9 || total
-------------------------+-------+-------+-------++-------
Melee: Club              |    23 |       |       ||    23
       Kick              |     2 |       |     2 ||     4
       Whip              |    72 |     2 |       ||    74
       Punch             |     1 |     1 |     1 ||     3
       Rapier            |       |   185 |    85 ||   270
       Headbutt          |       |     1 |     1 ||     2
Throw: Stone             |       |     1 |       ||     1
       Boomerang         |       |       |     4 ||     4
 Cast: Shock             |    24 |    49 |    15 ||    88
       Beastly Appendage |     3 |     1 |     3 ||     7
       Sting             |       |     2 |       ||     2
       Wereblood         |       |     2 |       ||     2
       Scorch            |       |       |     1 ||     1
  Use: Scroll            |     4 |     7 |     1 ||    12
       Potion            |     2 |     6 |     5 ||    13
Armor: Leather armour    |    57 |   122 |    49 ||   228
Dodge: Dodged            |    93 |   132 |    67 ||   292
